 Dungeon Crawl Stone Soup version 0.20-a0-2-g2b0e13a (webtiles) character file.

536 JeffiDaFish the Chopper (level 7, 0/60 HPs)
             Began as a Hill Orc Fighter on Oct 29, 2016.
             Slain by an orc warrior
             ... wielding a +0 morningstar
              (6 damage)
             ... on level 3 of the Dungeon.
             The game lasted 00:06:04 (2287 turns).

JeffiDaFish the Chopper (Hill Orc Fighter)          Turns: 2287, Time: 00:06:05

Health: 0/60       AC:  7    Str: 21    XL:     7   Next: 25%
Magic:  7/7        EV:  8    Int: 11    God:
Gold:   103        SH: 10    Dex: 10    Spells: 0 memorised, 6 levels left

rFire  . . .     SeeInvis .     a - +0 war axe
rCold  . . .     Gourm    +     b - +0 scale mail
rNeg   . . .     Faith    .     c - +1 shield
rPois  .         Spirit   .     (no helmet)
rElec  .         Reflect  .     (no cloak)
rCorr  .         Harm     .     (no gloves)
MR     .....                    (no boots)
Stlth  ..........               e - amulet of the gourmand
                                (no ring)
                                i - +3 ring of intelligence

@: lethally poisoned (0 -> -1)
A: no striking features
a: no special abilities


You were on level 3 of the Dungeon.
You were very full.

You visited 1 branch of the dungeon, and saw 3 of its levels.

You collected 103 gold pieces.

Inventory:

Hand Weapons
 a - a +0 war axe (weapon)
Armour
 b - a +0 scale mail (worn)
 c - a +1 shield (worn)
Jewellery
 e - an amulet of the gourmand (around neck)
 i - a +3 ring of intelligence (left hand)
Scrolls
 h - a scroll of magic mapping
 k - a scroll of identify
 l - a scroll of remove curse
Comestibles
 d - a beef jerky
 f - 2 bread rations
 g - a slice of pizza
 j - 2 meat rations


   Skills:
 + Level 4.7 Fighting
 + Level 6.9 Axes
 + Level 4.7 Armour
 + Level 1.4 Dodging
 + Level 0.1 Stealth
 + Level 4.8 Shields


You had 6 spell levels left.
You didn't know any spells.

Dungeon Overview and Level Annotations

Branches:
Dungeon (3/15)

Altars:


Message History

You slash the orc!
You kill the orc!
You closely miss the orc warrior. The orc barely misses you.
The orc warrior barely misses you. The orc hits you but does no damage.
You slash the orc!
You kill the orc!
You hit the orc warrior.
The orc warrior hits you but does no damage.
You barely miss the orc warrior.
The orc warrior is lightly wounded.
You feel sick. You block the orc warrior's attack.
You closely miss the orc warrior.
The orc warrior is lightly wounded.
The orc warrior hits you with a morningstar!!
* * * LOW HITPOINT WARNING * * *
Unknown command.
You hit the orc warrior but do no damage.
The orc warrior is lightly wounded.
The orc warrior hits you with a morningstar.
You die...

.....................##########
# ........#####........# ..PP.
##
........#...#........##P.P..#
##. ........#.P.#........#PPP
.P.##..
###.....#...#........### #...
........#####...........
.......
..........(.............
.......
...##......()..##)....##
.###...
...##...####....@o.....# #....
######### ##)...).....# ......
#........... ......
#......##... .##... ....#####
#. .....# ..##..# .. #..#


You could see an orc warrior.

Vanquished Creatures
  The ghost of 0nlyNaCj the Conjurer, an amateur NaCj (D:3)
  Grinder (D:3)
  A worker ant (D:3)
  5 adders
  A worm (D:3)
  A dart slug (D:1)
  4 orcs (D:3)
  2 ball pythons
  2 giant cockroaches
  10 goblins
  A hobgoblin (D:1)
  8 jackals
  A quokka (D:2)
  5 bats
  2 frilled lizards
  8 kobolds
  9 rats
62 creatures vanquished.

Notes
Turn   | Place    | Note
-------+----------+-------------------------------------------
     0 | D:1      | JeffiDaFish the Hill Orc Fighter began the quest for the Orb.
     0 | D:1      | Reached XP level 1. HP: 19/19 MP: 1/1
    41 | D:1      | Reached skill level 3 in Axes
    46 | D:1      | Reached XP level 2. HP: 19/26 MP: 2/2
   721 | D:1      | Reached XP level 3. HP: 33/33 MP: 3/3
  1348 | D:2      | Reached XP level 4. HP: 36/40 MP: 4/4
  1543 | D:3      | Reached skill level 4 in Axes
  1596 | D:3      | Noticed Grinder
  1614 | D:3      | Paralysed by Grinder for 4 turns
  1618 | D:3      | Killed Grinder
  1618 | D:3      | Reached skill level 5 in Axes
  1618 | D:3      | Reached XP level 5. HP: 16/46 MP: 5/5
  1618 | D:3      | Reached XP level 6. HP: 18/52 MP: 6/6
  1886 | D:3      | Reached skill level 1 in Dodging
  1935 | D:3      | Noticed 0nlyNaCj's ghost (amateur NaCj)
  1960 | D:3      | Killed 0nlyNaCj's ghost
  1960 | D:3      | Reached skill level 6 in Axes
  1960 | D:3      | Reached XP level 7. HP: 6/60 MP: 7/7
  2287 | D:3      | Slain by an orc warrior

Vault maps used:
D:1:      nicolae_arrival_somewhat_less_tricky_arrival
D:3:      serial_aquarium, aquarium_bridge_square,
          aquarium_bridge_long_separate, aquarium_window_1,
          aquarium_window_corner, aquarium_window_fake, aquarium_window_double,
          aquarium_view_2b, aquarium_view_2e, aquarium_balcony_3b,
          aquarium_pool_2, uniq_grinder

Skill      XL: |  1  2  3  4  5  6 |
---------------+-------------------+-----
Axes           | 3 5 6 |  6.9
Shields        | 4 |  4.8
Fighting       | 4 |  4.7
Armour         | 4 |  4.7
Dodging        | 1 |  1.4
Stealth        | |  0.1

Action                   |  1- 3 |  4- 6 |  7- 9 || total
-------------------------+-------+-------+-------++-------
Melee: War axe           |   149 |    58 |    20 ||   227
  Use: Scroll            |     8 |       |       ||     8
       Potion            |     3 |     1 |       ||     4
  Eat: Chunk             |    14 |     1 |     1 ||    16
Armor: Scale mail        |    70 |    25 |     4 ||    99
Dodge: Dodged            |    49 |    13 |     8 ||    70
Block: Shield            |    99 |    22 |    13 ||   134
